 Dungeon Crawl Stone Soup version 0.27-a0-1513-g2aaa0cc67b (webtiles) character file.

Game seed: 12600713199729548396

7774 mandarbmax the Summoner (level 11, -36/66 HPs)
             Began as a Tengu Summoner on July 9, 2021.
             Was an Initiate of Gozag.
             Killed by an exploding themself (45 damage)
             ... ignited by their inner flame
             ... on level 9 of the Dungeon on July 10, 2021.
             The game lasted 00:37:34 (12658 turns).

mandarbmax the Summoner (Tengu Summoner)           Turns: 12658, Time: 00:37:35

Health: -36/66     AC:  8    Str: 10    XL:     11   Next: 20%
Magic:  5/22       EV: 18    Int: 24    God:    Gozag
Gold:   1753       SH:  0    Dex: 14    Spells: 2/24 levels left

rFire    x . .     SeeInvis +   K - staff of air
rCold    + . .     Faith    .   (no shield)
rNeg     + . .     Spirit   .   t - +1 robe of the Goldsmith {rElec Regen+ Slay+3 SInv}
rPois    +         Reflect  .   (helmet restricted)
rElec    +         Harm     .   P - +1 cloak
rCorr    .         Rampage  .   n - +2 pair of gloves
Will     +++..                  (boots unavailable)
Stlth    +++.......             I - amulet of Refot {RegenMP *Corrode rElec rPois rN+}
HPRegen  1.21/turn              c - ring of Wu Jian's Generosity {Ice Drain rPois Will+++ Stlth+}
MPRegen  0.43/turn              H - +6 ring of intelligence

@: gold aura, flying quickly and evasively, studying Axes, quick
A: beak, talons 3, nimble flight
a: Renounce Religion, Potion Petition, Call Merchant, Bribe Branch


You were on level 9 of the Dungeon.
You worshipped Gozag.
Gozag was most pleased with you.
You visited 2 branches of the dungeon, and saw 10 of its levels.
You also visited: Ossuary.

You collected 2917 gold pieces.
You spent 467 gold pieces at shops.
You paid 697 gold pieces to Gozag.

Inventory:

Missiles
 l - a curare-tipped dart
Armour
 n - a +2 pair of gloves (worn)
 t - the +1 robe of the Goldsmith (worn) {rElec Regen+ Slay+3 SInv}
   (You found it on level 4 of the Dungeon)

   Slay:      It affects your accuracy & damage with ranged weapons and melee
   (+3).
   rElec:     It insulates you from electricity.
   SInv:      It lets you see invisible.
   Regen:     It increases your rate of health regeneration.
 P - a +1 cloak (worn)
Magical Staves
 K - a staff of air (weapon)
Jewellery
 c - the ring of Wu Jian's Generosity (left hand) {Ice Drain rPois Will+++ Stlth+}
   (You acquired it on level 9 of the Dungeon)

   [ring of ice]

   It enhances your ice magic.
   rF:        It makes you vulnerable to fire.
   rC:        It protects you from cold.
   rPois:     It protects you from poison.
   Drain:     It drains your maximum health when unequipped.
   Will:      It greatly increases your willpower.
   Stlth:     It makes you more stealthy.
 f - a +4 ring of protection
 k - a ring of resist corrosion
 r - a ring of positive energy
 s - a ring of wizardry
 v - a +4 ring of protection
 E - a ring of fire
 F - a ring of see invisible
 H - a +6 ring of intelligence (right hand)
 I - the amulet of Refot (around neck) {RegenMP *Corrode rElec rPois rN+}
   (You found it on level 8 of the Dungeon)

   [amulet of magic regeneration]

   It increases your rate of magic regeneration.
   rElec:     It insulates you from electricity.
   rPois:     It protects you from poison.
   rN:        It protects you from negative energy.
   *Corrode:  It may corrode you when you take damage.
Wands
 g - a wand of flame (28)
 J - a wand of iceblast (16)
 O - a wand of mindburst (14)
Scrolls
 b - a scroll of fog {unknown}
 d - 4 scrolls of teleportation
 i - 2 scrolls of immolation
 o - 4 scrolls of enchant weapon
 u - 3 scrolls of fear
 y - a scroll of silence {unknown}
 A - 2 scrolls of magic mapping
 G - a scroll of vulnerability
Potions
 a - a potion of brilliance
 e - a potion of haste
 h - 4 potions of curing
 j - 4 potions of might
 m - a potion of attraction {unknown}
 p - 2 potions of mutation
 x - a potion of ambrosia
 z - a potion of cancellation
 B - 2 potions of lignification
 C - a potion of heal wounds
 M - a potion of berserk rage
 N - 2 potions of resistance


   Skills:
 + Level 6.8 Fighting
 - Level 8.0 Dodging
 - Level 2.0 Stealth
 - Level 7.0 Spellcasting
 + Level 13.0 Summonings
 - Level 7.0 Air Magic


You had 2 spell levels left.
You knew the following spells:

 Your Spells              Type           Power      Damage    Failure   Level
a - Summon Small Mammal   Summ           100%       N/A       1%          1
b - Call Imp              Summ           63%        N/A       1%          2
c - Summon Guardian Gole  Hex/Summ       39%        N/A       1%          3
d - Summon Lightning Spi  Summ/Air       71%        N/A       1%          4
e - Call Canine Familiar  Summ           63%        N/A       1%          3
f - Swiftness             Air            58%        N/A       1%          3
g - Shadow Creatures      Summ           N/A        N/A       5%          6

Your spell library contained the following spells:

 Spells                   Type           Power      Damage    Failure   Level
 Poisonous Vapours        Pois/Air       74%        N/A       2%          2
 Magic Dart               Conj           32%        1d4       7%          1
 Sting                    Tmut/Pois      32%        1d4       7%          1
 Ensorcelled Hibernation  Hex/Ice        24%        N/A       11%         2
 Passwall                 Tmut/Erth      6%         N/A       11%         2
 Searing Ray              Conj           16%        3d3       11%         2
 Airstrike                Air            29%        N/A       4%          4
 Mephitic Cloud           Conj/Pois/Air  29%        N/A       9%          3
 Spider Form              Tmut/Pois      4%         N/A       22%         3
 Lightning Bolt           Conj/Air       18%        1d33      43%         5
 Animate Dead             Necr           4%         N/A       56%         4
 Fulminant Prism          Conj/Hex       4%         3d6       56%         4
 Iskenderun's Mystic Bla  Conj/Tloc      8%         2d4       56%         4
 Olgreb's Toxic Radiance  Pois           8%         N/A       56%         4
 Freezing Cloud           Conj/Ice/Air   22%        6-21      61%         5
 Lee's Rapid Deconstruct  Erth           4%         3d6*      89%         5
 Haunt                    Necr/Summ      19%        N/A       99%         7
 Invisibility             Hex            4%         N/A       100%        6
 Infestation              Necr           4%         N/A       100%        8


Dungeon Overview and Level Annotations

Branches:
Dungeon (9/15)             Temple (1/1) D:6         Ossuary (visited)
   Lair: D:8-11         Orc: D:9-12

Altars:
Dithmenos
Elyvilon
Fedhas
Gozag
Qazlal
Ru
Sif Muna
Trog
Vehumet
The Shining One
Beogh

Shops:
D:2 *   D:8 :

Annotations:
D:9 dracfodder's ghost, novice DjFE


Innate Abilities, Weirdness & Mutations

You have a beak for a mouth.
You have claws for feet.
Your magical nature lets you fly swiftly and evasively.


Message History

The orc priest is heavily wounded.
Your warg bites the orc priest!
The orc priest dies!
Your bullfrog hits dracfodder's ghost. Dracfodder's ghost misses you.
The orc warrior hits your kobold brigand with a +0 dire flail!
Your kobold brigand dies!
Your kobold brigand's corpse dissolves into shadows!
Your bullfrog hits dracfodder's ghost but does no damage.
Your warg misses dracfodder's ghost.
Casting: Shadow Creatures (quite dangerous; 5% risk of failure)
Confirm with . or Enter, or press ? or * to list all spells.
You feel a surge of power!
An electric hum fills the air.
Dracfodder's ghost hits you but does no damage.
You partially resist.
Your bullfrog hits dracfodder's ghost.
Your guardian golem overheats!
The orc warrior hits your steam dragon with a +0 dire flail!
Flame seeps out of your guardian golem.
Your warg bites dracfodder's ghost but does no damage.
Your steam dragon breathes steam at the orc warrior.
The ball of steam hits the orc warrior.
The ball of steam hits the orc!!
The orc dies!
Unknown command.
Your bullfrog hits dracfodder's ghost but does no damage.
Your warg barely misses dracfodder's ghost.
Dracfodder's ghost gestures at you while chanting.
The fireball explodes!
The fireball engulfs your warg!! The fireball engulfs you!!
The fire burns you terribly!
Ouch! That really hurt!
* * * LOW HITPOINT WARNING * * *
The fireball engulfs your guardian golem!
Your guardian golem resists.
Flame seeps out of your guardian golem.
The fireball engulfs dracfodder's ghost.
Dracfodder's ghost resists.
Your guardian golem explodes!
The fiery explosion engulfs your warg!! The fiery explosion engulfs you!!!
The fire burns you terribly!
Ouch! That really hurt!
You die...
Your body crumbles into a pile of gold.

####.#..##.........#####....###
####.##...####.....##........#
..(..##...####.............###
..........#..................#
...###.......#.............###
...###.#...#.###...........#
#.##..##...#####..........###
#......#........§.§.........#
...#.......###..@○§...##....#
#.###.....8.....h§F.....8#..#
#####..##.######$WD######...##
##.#....###.....8..ooo..#....#
#.........#....#####§...#....#
..........#.###...o.###.#.####
..........#.#8#..8o.#8#.###
..........#.............###
..........#8....._[)...8#.#


You could see 2 orc warriors, dracfodder's ghost (ally target), 3 orcs, a
friendly warg (summoned, sheltered), a friendly steam dragon (summoned,
sheltered), a friendly bullfrog (summoned, sheltered) and a friendly lightning
spire (summoned, sheltered).

Vanquished Creatures
  A cyclops (D:7)
  Joseph (D:7)
  Maggie (D:6)
  2 trolls
  A yak (D:8)
  A warg (D:9)
  A water moccasin (D:7)
  3 sky beasts
  An orc warrior (D:9)
  A black bear (D:6)
  2 ogres
  3 centaurs
  An elf zombie (Ossuary)
  2 kobold brigands
  A scorpion (D:4)
  A wyvern zombie (D:7)
  Dowan (D:7)
  4 wights (D:7)
  A bullfrog zombie (D:5)
  3 centaur zombies
  4 human zombies (Ossuary)
  An orc priest (D:8)
  A hound (D:6)
  3 jellies
  A gnoll shaman (D:5)
  4 iguanas
  Jessica (D:3)
  An orc wizard (D:4)
  A centaur simulacrum (D:9)
  A mummy (Ossuary)
  A hound skeleton (D:4)
  A gnoll (D:5)
  An adder (D:5)
  A shadow imp (D:8)
  3 white imps
  A worm (D:2)
  A dart slug (D:4)
  8 orcs
  2 ball pythons (D:1)
  3 endoplasms
  2 giant cockroaches (D:2)
  2 hobgoblins
  5 jackals
  4 quokkas
  2 frilled lizards
  4 goblins
  14 kobolds
  4 rats
109 creatures vanquished.

Vanquished Creatures (collateral kills)
  2 two-headed ogres (D:9)
  Maurice (D:8)
  4 kobold demonologists
  A troll (D:9)
  A tengu conjurer (D:9)
  Grinder (D:6)
  A hornet (D:9)
  Prince Ribbit (D:6)
  A wraith (D:7)
  7 yaks
  A steam dragon (D:9)
  An acid dragon (D:9)
  A water moccasin (D:9)
  Duvessa (D:7)
  3 orc warriors
  An ice beast (D:6)
  3 sky beasts
  2 centaurs (D:9)
  An ogre (D:7)
  5 kobold brigands
  4 elf zombies (Ossuary)
  A bullfrog (D:9)
  2 scorpions
  2 killer bees
  5 wights
  A human zombie (Ossuary)
  A jelly (D:7)
  An orc priest (D:9)
  An iguana (D:2)
  3 orc wizards
  A killer bee zombie (D:9)
  2 mummies (Ossuary)
  A howler monkey zombie (D:9)
  4 gnolls (D:5)
  5 adders
  2 howler monkey skeletons (D:7)
  A worm (D:2)
  16 orcs
  2 bats (D:3)
  An endoplasm (D:1)
  A giant cockroach (D:4)
  5 goblins
  7 jackals
  5 kobolds
  A quokka (D:2)
  3 ball pythons
  2 frilled lizards (D:1)
  A rat (D:1)
120 creatures vanquished.

Vanquished Creatures (others)
  A hornet (D:9)
  2 yaks (D:9)
  A necrophage (D:5)
  A centaur (D:9)
  3 killer bees (D:7)
  An orc (D:7)
9 creatures vanquished.

Grand Total: 238 creatures vanquished

Notes
Turn   | Place    | Note
-------+----------+-------------------------------------------
     0 | D:1      | mandarbmax the Tengu Summoner began the quest for the Orb.
     0 | D:1      | Reached XP level 1. HP: 10/10 MP: 4/4
   308 | D:1      | Reached skill level 5 in Summonings
   915 | D:1      | Reached XP level 2. HP: 14/15 MP: 6/6
  1431 | D:2      | Found Owyf's Assorted Antiques.
  1488 | D:2      | Learned a level 2 spell: Call Imp
  1528 | D:2      | Reached skill level 6 in Summonings
  1528 | D:2      | Reached XP level 3. HP: 12/19 MP: 1/7
  2357 | D:2      | Found a blossoming altar of Fedhas.
  2771 | D:2      | Reached XP level 4. HP: 8/24 MP: 0/8
  3027 | D:3      | Learned a level 3 spell: Summon Guardian Golem
  3139 | D:3      | Noticed Jessica
  3154 | D:3      | Killed Jessica
  3155 | D:3      | Reached skill level 7 in Summonings
  3906 | D:4      | Gained mutation: Your magical nature lets you fly swiftly
                  | and evasively. [Tengu growth]
  3906 | D:4      | Reached XP level 5. HP: 19/28 MP: 2/9
  3922 | D:4      | Got Gor Kubb's Tome of Hexes and Air
  4017 | D:4      | Noticed an ogre
  4023 | D:4      | Killed an ogre
  4024 | D:4      | Reached XP level 6. HP: 30/32 MP: 6/11
  4042 | D:4      | Reached skill level 8 in Summonings
  4213 | D:4      | Learned a level 4 spell: Summon Lightning Spire
  4433 | D:4      | Identified the +1 robe of the Goldsmith {rElec Regen+
                  | Slay+3 SInv}
  5284 | D:5      | Entered Level 5 of the Dungeon
  5305 | D:5      | Noticed a sky beast
  5309 | D:5      | Reached skill level 1 in Air Magic
  5319 | D:5      | Killed a sky beast
  5320 | D:5      | Reached XP level 7. HP: 36/36 MP: 7/13
  5331 | D:5      | Found a sand-covered staircase.
  5338 | Ossuary  | Entered an ossuary
  5424 | Ossuary  | Reached skill level 9 in Summonings
  5741 | Ossuary  | Reached XP level 8. HP: 37/41 MP: 5/15
  5916 | D:5      | Learned a level 3 spell: Call Canine Familiar
  5925 | D:5      | Learned a level 3 spell: Swiftness
  5944 | D:5      | Reached skill level 10 in Summonings
  6759 | D:6      | Noticed Maggie
  6825 | D:6      | Killed Maggie
  6826 | D:6      | Reached skill level 5 in Spellcasting
  6826 | D:6      | Reached skill level 5 in Air Magic
  7007 | D:6      | Noticed Prince Ribbit
  7019 | D:6      | Killed Prince Ribbit
  7020 | D:6      | Reached skill level 11 in Summonings
  7239 | D:6      | Found a staircase to the Ecumenical Temple.
  7292 | Temple   | Entered the Ecumenical Temple
  7487 | Temple   | Became a worshipper of Gozag Ym Sagoz the Greedy
  7663 | D:6      | Reached XP level 9. HP: 45/45 MP: 9/17
  8078 | D:6      | Noticed Grinder
  8139 | D:6      | Paralysed by Grinder for 4 turns
  8145 | D:6      | Killed Grinder
  8302 | D:7      | Noticed a cyclops
  8337 | D:7      | Killed a cyclops
  8338 | D:7      | Reached skill level 12 in Summonings
  8630 | D:7      | Noticed Duvessa
  8630 | D:7      | Noticed Dowan
  8648 | D:7      | Killed Duvessa
  8649 | D:7      | Reached skill level 1 in Fighting
  8650 | D:7      | Killed Dowan
  8983 | D:7      | Noticed a kobold demonologist
  9024 | D:7      | Killed a kobold demonologist
  9076 | D:7      | Noticed Joseph
  9099 | D:7      | Killed Joseph
  9100 | D:7      | Reached skill level 13 in Summonings
  9100 | D:7      | Reached XP level 10. HP: 33/55 MP: 1/18
  9279 | D:7      | Reached skill level 5 in Dodging
 10142 | D:8      | Identified the amulet of Refot {RegenMP *Corrode rElec
                  | rPois rN+}
 10499 | D:2      | Bought a scroll of identify for 50 gold pieces
 10499 | D:2      | Bought a scroll of identify for 50 gold pieces
 10499 | D:2      | Bought a fuming purple potion for 22 gold pieces
 10499 | D:2      | Bought 2 scrolls labelled PAIVAEMMUF for 50 gold pieces
 10499 | D:2      | Bought 2 metallic puce potions for 45 gold pieces
 10499 | D:2      | Bought a scroll labelled PAIVAEMMUF for 25 gold pieces
 10499 | D:2      | Bought a potion of might for 100 gold pieces
 10499 | D:2      | Bought a scroll labelled AXIRUJASOM for 25 gold pieces
 10499 | D:2      | Bought a jewelled wooden wand for 100 gold pieces
 10724 | D:8      | Found Kuleohye's Book Shop.
 11341 | D:8      | Noticed Maurice
 11355 | D:8      | Killed Maurice
 11356 | D:8      | Reached skill level 5 in Fighting
 11553 | D:9      | Identified a scroll of acquirement
 11564 | D:9      | Acquired 1271 gold pieces
 11691 | D:9      | Found a runed translucent gate.
 11692 | D:9      | Acquired the ring of Wu Jian's Generosity {Ice Drain rPois
                  | Will+++ Stlth+}
 11696 | D:9      | Found a runed translucent gate.
 11696 | D:9      | Found a runed translucent gate.
 11699 | D:9      | Noticed dracfodder's ghost (novice DjFE)
 11740 | D:9      | Identified the +4 ring mail "Keul" {rF+ Regen+ Str+3}
 11813 | D:9      | Noticed a kobold demonologist
 11814 | D:9      | Noticed a kobold demonologist
 11822 | D:9      | Killed a kobold demonologist
 11824 | D:9      | Noticed a kobold demonologist
 11826 | D:9      | Killed a kobold demonologist
 11826 | D:9      | Killed a kobold demonologist
 11874 | D:9      | Noticed a two-headed ogre
 11883 | D:9      | Killed a two-headed ogre
 11937 | D:9      | Reached XP level 11. HP: 60/64 MP: 15/22
 12065 | D:9      | Learned a level 6 spell: Shadow Creatures
 12232 | D:9      | Noticed a two-headed ogre
 12237 | D:9      | Killed a two-headed ogre
 12346 | D:9      | Noticed a brown ugly thing
 12347 | D:9      | Noticed a fire dragon
 12360 | D:9      | HP: 2/66 [fire dragon/blast of flame (57)]
 12658 | D:9      | Killed by an exploding themself... ignited by their inner
                  | flame

Illustrated notes

Levels and vault maps discovered:
D:1:      dpeg_arrival_rooms_a, layout_loops_corners, minmay_misc_feat_five
D:2:      layout_rooms, basic_altar, serial_shops, nicolae_square_shop,
          minmay_misc_feat_more_columns, minmay_misc_feat_doors
D:3:      layout_basic, minmay_misc_feat_enclosed, uniq_jessica
D:4:      layout_basic, serial_corexii_hall, corexii_hall_statues_l,
          chequers_hall_statues_wall_a
D:5:      minmay_evil_eye, layout_cave_pods,
          lightli_ossuary_entry_decrepit_ruins
D:6:      layout_loops_ring, minmay_temple_entry_drinking_statues, serial_glass,
          glass_columns_a, glass_columns_c, minmay_strange_pillars,
          uniq_grinder, uniq_maggie, uniq_prince_ribbit1
D:7:      wander_river, layout_basic, minmay_manual_moon, uniq_duvessa,
          uniq_joseph
D:8:      layout_loops_corners, serial_shops, shop, uniq_maurice
D:9:      minmay_the_grid_3x2 [minmay_the_grid_paths, minmay_the_grid_all_tris,
          minmay_the_grid_pillar_ring, minmay_the_grid_dragon_a,
          minmay_the_grid_minigrid_small, minmay_the_grid_prize_trominoes],
          layout_cave_pools, biasface_ghost_orc_armoury
Temple:   roderic_octagonal_lattice_temple

Skill      XL: |  1  2  3  4  5  6  7  8  9 10 11 |
---------------+----------------------------------+-----
Summonings     | 5 6 7 8 9 11 13 | 13.0
Spellcasting   | 3 4 5 7 |  7.0
Air Magic      | 1 3 6 7 |  7.0
Fighting       | 2 6 |  6.8
Dodging        | 4 7 8 |  8.0
Stealth        | |  2.0

Action                   |  1- 3 |  4- 6 |  7- 9 | 10-12 || total
-------------------------+-------+-------+-------+-------++-------
Melee: Unarmed           |    54 |       |       |       ||    54
       Kick              |    18 |    15 |    39 |    39 ||   111
       Peck              |    11 |    13 |    23 |    22 ||    69
       Rapier            |    36 |    43 |       |       ||    79
       Flail             |       |    41 |   160 |       ||   201
       Staff             |       |       |       |   118 ||   118
       Quarterstaff      |       |       |       |    17 ||    17
 Cast: Summon Small Mamm |    33 |     2 |    12 |    11 ||    58
       Call Imp          |    14 |    15 |    46 |    25 ||   100
       Summon Guardian G |       |     6 |    13 |    19 ||    38
       Summon Lightning  |       |     6 |    14 |    19 ||    39
       Call Canine Famil |       |       |    14 |    20 ||    34
       Shadow Creatures  |       |       |       |     5 ||     5
Invok: Potion Petition   |       |       |       |     1 ||     1
Evoke: Wand              |       |       |     4 |       ||     4
  Use: Scroll            |       |     7 |     5 |    12 ||    24
       Potion            |       |       |     2 |       ||     2
 Stab: Sleeping          |     2 |     2 |       |     1 ||     5
       Distracted        |     1 |     3 |     5 |     2 ||    11
Armor: Robe              |    31 |    41 |   113 |    60 ||   245
Dodge: Dodged            |    77 |    66 |   142 |   159 ||   444

Table legend: (Time is in decaauts)
 A = Elapsed time spent in this place.
 B = Non-inter-level travel time spent in this place.
 C = Inter-level travel time spent in this place.
 D = Time resting spent in this place.
 E = Time spent auto-exploring this place.
 F = Levels seen in this place.
 G = Mean time per level.
                   A        B        C        D        E       F      G
               +--------+--------+--------+--------+--------+-----+--------+
         Total |  12254 |  11578 |    676 |   2555 |   6778 |  11 | 1114.0 |
       Dungeon |  11551 |  10897 |    654 |   2305 |   6557 |   9 | 1283.4 |
        Temple |    204 |    183 |     21 |      0 |    178 |   1 |  204.0 |
       Ossuary |    498 |    498 |      0 |    250 |     42 |   1 |  498.0 |
               +--------+--------+--------+--------+--------+-----+--------+

Top non-repeatable levels by time:
     D:2: 1864 daAuts
     D:6: 1508 daAuts
     D:7: 1476 daAuts
     D:4: 1357 daAuts
     D:8: 1243 daAuts
     D:1: 1202 daAuts
     D:9: 1064 daAuts
     D:5: 936 daAuts
     D:3: 897 daAuts
 Ossuary: 498 daAuts
  Temple: 204 daAuts
